 Seeded DCSS version 0.28-a0-1594-ga885d4b3d6 (webtiles) character file.

Game seed: 69 (custom seed)

4 123456 the Skirmisher (level 1, 0/20 HPs)
             Began as a Minotaur Fighter on Jan 20, 2022.
             Constricted to death by a ball python (1 damage)
             ... on level 1 of the Dungeon.
             The game lasted 00:00:19 (152 turns).

123456 the Skirmisher (Minotaur Fighter)             Turns: 152, Time: 00:00:20

Health: 0/20       AC:  6    Str: 20    XL:     1   Next: 58%
Magic:  0/0        EV:  6    Int:  5    God:
Gold:   0          SH:  4    Dex:  9    Spells: 0/0 levels left

rFire   . . .      SeeInvis .   a - +0 flail
rCold   . . .      Faith    .   c - +0 buckler
rNeg    . . .      Spirit   .   b - +0 scale mail
rPois   .          Reflect  .   (helmet restricted)
rElec   .          Harm     .   (no cloak)
rCorr   .          Rampage  .   (no gloves)
Will    .....                   (no boots)
Stlth   ..........              (no amulet)
HPRegen 0.06/turn               (no ring)
MPRegen 0.07/turn               (no ring)

@: constricted
A: horns 2, retaliatory headbutt
a: no special abilities


You were on level 1 of the Dungeon.
You visited 1 branch of the dungeon, and saw 1 of its levels.

Inventory:

Hand Weapons
 a - a +0 flail (weapon)
Armour
 b - a +0 scale mail (worn)
 c - a +0 buckler (worn)
Scrolls
 e - a scroll of fear {unknown}
Potions
 d - a potion of might


   Skills:
 * Level 3.8 Fighting
 * Level 2.6 Maces & Flails
 + Level 3.6 Armour
 + Level 0.2 Dodging
 - Level 3.6 Shields


You couldn't memorise any spells.
You didn't know any spells.
Your spell library was empty.

Dungeon Overview and Level Annotations

Branches:
Dungeon (1/15)

Altars:


Innate Abilities, Weirdness & Mutations

You have a pair of horns on your head.
You reflexively headbutt those who attack you in melee.


Message History

The kobold hits you but does no damage.
You closely miss the kobold. Your headbutt misses the kobold.
The kobold hits you with a +6 whip.
You hit the kobold.
The kobold is moderately wounded.
The kobold hits you with a +6 whip. The ball python bites you.
The ball python grabs you. The ball python constricts you.
The kobold hits you with a +6 whip.
You are too injured to fight recklessly!
You are too injured to fight recklessly!
You are too injured to fight recklessly!
You are too injured to fight recklessly!
You are too injured to fight recklessly!
You are too injured to fight recklessly!
You are too injured to fight recklessly!
You are too injured to fight recklessly!
You are too injured to fight recklessly!
You are too injured to fight recklessly!
You are too injured to fight recklessly!
You are too injured to fight recklessly!
You are too injured to fight recklessly!
You are too injured to fight recklessly!
You are too injured to fight recklessly!
Unknown command.
You closely miss the kobold.
The kobold is moderately wounded.
The ball python completely misses you. The ball python constricts you.
The kobold hits you but does no damage.
You barely miss the kobold. Your headbutt misses the kobold.
The kobold is moderately wounded.
The ball python bites you.
* * * LOW HITPOINT WARNING * * *
The ball python constricts you. The kobold hits you with a +6 whip.
* * * LOW HITPOINT WARNING * * *
The ball python barely misses you. The ball python constricts you.
You sock the kobold!
You kill the kobold!
The ball python bites you but does no damage.
The ball python constricts you.
You die...

.........##.#
#.####.#♣♣♣♣♣♣
#####.#.###.##
#.# #.'......
#.#.# #..# #.#
###♣.♣♣♣♣
#.#.# ##.# #.#
♣.♣♣P♣ #.#.#
#.# #.# ♣.♣P..
#. #.# #.#
♣....⌠ #. #.#
#.# ♣♣♣...
#.####.#####.#
♣♣..
#......S@)...#
♣♣.
######.#######
♣. #.# ♣♣ #.#
#.# #.# #.. ##


You could see a ball python.

Vanquished Creatures
  2 bats (D:1)
  A giant cockroach (D:1)
  A ball python (D:1)
  A kobold (D:1)
  A rat (D:1)
6 creatures vanquished.

Notes
Turn   | Place    | Note
-------+----------+-------------------------------------------
     0 | D:1      | 123456 the Minotaur Fighter began the quest for the Orb.
     0 | D:1      | Reached XP level 1. HP: 19/19 MP: 0/0
   151 | D:1      | HP: 1/20 [kobold (3)]
   152 | D:1      | Constricted to death by a ball python

Illustrated notes

Levels and vault maps discovered:
D:1:      psy_arrival_fountain, layout_loops_ring

Action                   || total
-------------------------++-------
Melee: Flail             ||    13
       Headbutt          ||     2
Armor: Scale mail        ||     9
Dodge: Dodged            ||     3
Block: Buckler           ||     3

Table legend: (Time is in decaauts)
 A = Elapsed time spent in this place.
 B = Non-inter-level travel time spent in this place.
 C = Inter-level travel time spent in this place.
 D = Time resting spent in this place.
 E = Time spent auto-exploring this place.
 F = Levels seen in this place.
 G = Mean time per level.
                   A        B        C        D        E       F      G
               +--------+--------+--------+--------+--------+-----+--------+
         Total |    155 |    155 |      0 |      0 |    125 |   1 |  155.0 |
       Dungeon |    155 |    155 |      0 |      0 |    125 |   1 |  155.0 |
               +--------+--------+--------+--------+--------+-----+--------+

Top non-repeatable levels by time:
     D:1: 155 daAuts
